 Dungeon Crawl Stone Soup version 0.23.2-40-g277498a001 (webtiles) character file.

Game seed: 15042970996579739292

37641 EWolf27 the Covert (level 13, -9/68 HPs)
             Began as a Spriggan Enchanter on Oct 19, 2019.
             Was the Champion of Kikubaaqudgha.
             Mangled by a seven-headed hydra (13 damage)
             ... on level 3 of the Lair of Beasts on Oct 21, 2019.
             The game lasted 02:58:55 (31978 turns).

EWolf27 the Covert (Spriggan Enchanter)            Turns: 31978, Time: 02:58:55

Health: -9/68      AC:  4    Str:  7    XL:     13   Next: 59%
Magic:  28/29      EV: 25    Int: 17    God:    Kikubaaqudgha [******]
Gold:   1111       SH:  0    Dex: 18    Spells: 14/34 levels left

rFire    . . .     SeeInvis +   a - +9 dagger (pain)
rCold    + . .     Gourm    .   (shield restricted)
rNeg     . . .     Faith    .   e - +2 robe {MR+}
rPois    .         Spirit   .   (helmet restricted)
rElec    .         Reflect  .   k - scarf {cloud immunity}
rCorr    .         Harm     .   (gloves unavailable)
MR       +++..                  (boots unavailable)
Stlth    ++++++....             s - amulet of the acrobat
HPRegen  0.21/turn              O - ring of protection from cold
MPRegen  0.21/turn              (no ring)

@: lethally poisoned (-9 -> -13), slowed, quick
A: very small, unfitting armour, see invisible, herbivore, speed 3, slow
metabolism 2
a: Receive Corpses, Torment, Renounce Religion


You were on level 3 of the Lair of Beasts.
You worshipped Kikubaaqudgha.
Kikubaaqudgha was exalted by your worship.
You were hungry.

You visited 4 branches of the dungeon, and saw 18 of its levels.

You collected 1111 gold pieces.

Inventory:

Hand Weapons
 a - a +9 dagger of pain (weapon)
 b - a +0 blowgun
Missiles
 f - 549 stones (quivered)
 x - 9 poisoned needles
 y - 7 needles of paralysis
Armour
 e - a +2 robe of magic resistance (worn)
 k - a scarf of cloud immunity (worn)
 E - a +1 robe of cold resistance
Jewellery
 s - an amulet of the acrobat (around neck)
 H - an uncursed ring of fire
 I - an uncursed amulet of regeneration
 O - a ring of protection from cold (left hand)
 R - an uncursed ring of ice
Wands
 F - a wand of paralysis (12)
 K - a wand of flame (26)
 L - a wand of digging (6)
Scrolls
 g - a scroll of torment {unknown}
 h - 5 scrolls of fog
 q - 6 scrolls of identify
 v - 3 scrolls of magic mapping
 w - 7 scrolls of remove curse
 z - 2 scrolls of enchant weapon
 G - a scroll of silence {unknown}
 J - 2 scrolls of immolation {unknown}
 M - a scroll of enchant armour
 N - a scroll of acquirement {unknown}
 P - a scroll of summoning {unknown}
 Q - a scroll of brand weapon {unknown}
Potions
 c - 2 potions of brilliance {unknown}
 i - a potion of berserk rage {unknown}
 j - a potion of invisibility {unknown}
 l - 10 potions of curing
 m - a potion of mutation {unknown}
 n - 5 potions of haste
 o - a potion of might {unknown}
 p - 2 potions of magic {unknown}
 t - 2 potions of agility
 u - 3 potions of flight {unknown}
 B - 2 potions of ambrosia {unknown}
 C - a potion of resistance {unknown}
 D - 2 potions of cancellation {unknown}
Miscellaneous
 A - a sack of spiders
Comestibles
 d - 4 rations


   Skills:
 + Level 7.6 Fighting
 - Level 10.3 Short Blades
 - Level 9.0 Dodging
 + Level 14.3 Stealth
 + Level 11.4 Spellcasting
 - Level 11.0 Hexes
 - Level 4.0 Charms
 * Level 9.2 Necromancy
 - Level 2.0 Ice Magic


You had 14 spell levels left.
You knew the following spells:

 Your Spells              Type           Power        Failure   Level  Hunger
a - Corona                Hex            #####..      1%          1    None
b - Ensorcelled Hibernat  Hex/Ice        ####..       1%          2    None
c - Confuse               Hex            #####...     1%          3    None
d - Pain                  Necr           ####         1%          1    None
e - Regeneration          Chrm/Necr      ####......   1%          3    None
f - Dispel Undead         Necr           #####...     4%          5    #####..
g - Agony                 Necr           #####...     4%          5    #####..

Your spell library contained the following spells:

 Spells                   Type           Power        Failure   Level  Hunger
 Corpse Rot               Necr           N/A          1%          2    None
 Sublimation of Blood     Necr           #####.....   1%          2    None
 Tukima's Dance           Hex            #####...     1%          3    None
 Dazzling Spray           Conj/Hex       ####..       2%          3    None
 Freeze                   Ice            ###.         3%          1    None
 Ozocubu's Armour         Chrm/Ice       ###.....     6%          3    None
 Magic Dart               Conj           #...         8%          1    None
 Sandblast                Erth           #.....       8%          1    None
 Throw Frost              Conj/Ice       ##....       8%          2    None
 Fulminant Prism          Conj/Hex       ####......   8%          4    ##.....
 Passwall                 Tmut/Erth      #.......     11%         2    None
 Searing Ray              Conj           #.....       11%         2    None
 Excruciating Wounds      Chrm/Necr      ####......   14%         5    #####..
 Stone Arrow              Conj/Erth      #.....       22%         3    None
 Borgnjor's Vile Clutch   Necr/Erth      ####......   30%         5    #####..
 Summon Ice Beast         Ice/Summ       ##......     43%         4    ##.....
 Throw Icicle             Conj/Ice       ##......     43%         4    ##.....
 Force Lance              Conj/Tloc      #.......     58%         4    ##.....
 Iskenderun's Mystic Bla  Conj           #.......     58%         4    ##.....
 Petrify                  Tmut/Erth      #.......     58%         4    ##.....
 Simulacrum               Ice/Necr       ####......   73%         6    ######.
 Irradiate                Conj/Tmut      #.........   90%         5    #####..
 Lee's Rapid Deconstruct  Erth           #.........   90%         5    #####..
 Hydra Form               Tmut           #.........   100%        6    ######.
 Statue Form              Tmut/Erth      #........    100%        6    ######.
 Dragon Form              Tmut           #.........   100%        7    #######


Dungeon Overview and Level Annotations

Branches:
Dungeon (13/15)            Temple (1/1) D:5            Lair (3/6) D:8
  Snake (0/4) Lair:2          Orc (1/2) D:9
  Swamp: Lair:2-4    Shoals: Lair:2-4    Vaults: D:13-14

Altars:
Cheibriados
Dithmenos
Elyvilon
Fedhas
Gozag
Kikubaaqudgha
Nemelex Xobeh
Okawaru
Qazlal
Ru
Sif Muna
Trog
Vehumet
Wu Jian
Xom
Zin
The Shining One

Shops:
D:13 (

Annotations:
Lair:2 2 runed translucent doors, Sassenached's ghost, journeyman DsWn
Lair:3 exclusion: 3 oklob plants


Innate Abilities, Weirdness & Mutations

You are very small and have problems with some larger weapons.
You are too small for most types of armour.
You have supernaturally acute eyesight. (SInv)
You are a herbivore.
You cover ground extremely quickly.
You need to consume almost no food.


Message History

Welcome back, EWolf27 the Spriggan Enchanter.
Kikubaaqudgha says: Spread unending torment and darkness!
Press ? for a list of commands and other information.
You feel much better.
You feel sick.
The water moccasin completely misses you.
The seven-headed hydra bites you!
* * * LOW HITPOINT WARNING * * *
The seven-headed hydra bites you.
* * * LOW HITPOINT WARNING * * *
The seven-headed hydra completely misses you. x2
The seven-headed hydra bites you!
* * * LOW HITPOINT WARNING * * *
The seven-headed hydra closely misses you.
The seven-headed hydra misses you. The yak closely misses you.
The spiny frog completely misses you. The water moccasin closely misses you.
The yak closely misses you.
The seven-headed hydra completely misses you.
The seven-headed hydra bites you!
You die...
Kikubaaqudgha rasps: "You have failed me!
Welcome... death!"

....§.....#...............#..
....P........................
....#.......................#
.........####(.............P#
......##..##...............#
....#.# ## ###..w.......###
.####..# ##..........# #.#
##.# #...........## ## ##
#####F@Yh......###
###≈≈≈≈DSY.........###
#≈≈≈≈H≈≈≈≈Y..........#
####≈≈≈#####≈≈≈........##..#
#..P≈≈## ##≈≈.............
##.≈≈≈# #≈≈.............
####.≈≈≈≈# +...............
#P..###≈≈# #≈≈......D......
##.##..≈≈## ##≈≈.............


You could see a seven-headed hydra, a torpor snail, a hippogriff, 3 yaks, a
spiny frog, a water moccasin and a wolf.

Vanquished Creatures
  Snorg (Lair:3)
  Fannar (Lair:2)
  4 hydras (Lair:1)
  9 two-headed ogres
  An ogre mage (D:12)
  An unseen horror (D:10)
  2 ugly things
  A manticore (D:9)
  An orc sorcerer (Orc:1)
  3 elephants (Lair:3)
  A cyclops (Orc:1)
  A black mamba (Lair:1)
  Joseph (D:9)
  2 gargoyles
  5 spiny frogs
  3 komodo dragons
  7 trolls
  A hornet (D:11)
  4 blink frogs (Lair:3)
  7 hippogriffs
  A wraith (D:9)
  Eustachio (D:6)
  20 yaks
  A wyvern (Lair:3)
  4 hogs (D:9)
  A basilisk (Lair:3)
  A human (D:9)
  A hungry ghost (D:11)
  5 wargs
  3 nagas (Lair:2)
  Edmund (D:6)
  5 water moccasins
  6 porcupines
  2 sky beasts
  2 black bears
  A phantom (D:11)
  11 orc warriors
  6 ice beasts
  A necrophage (D:9)
  A hornet zombie (D:8)
  An eye of draining (D:9)
  13 centaurs
  10 wolves
  5 ogres
  5 crocodiles
  12 bullfrogs
  2 scorpions
  A water moccasin skeleton (D:8)
  16 killer bees
  14 wights
  3 electric eels (D:8)
  3 howler monkeys
  3 crimson imps
  3 centaur zombies
  A bullfrog zombie (D:9)
  9 hounds
  5 bullfrog skeletons
  11 orc priests
  2 quasits
  2 centaur skeletons (D:11)
  8 orc wizards
  3 iguanas
  Terence (D:3)
  9 worker ants
  A killer bee zombie (D:8)
  A hound zombie (D:11)
  A hound skeleton (D:7)
  18 adders
  3 gnolls (D:7)
  A howler monkey skeleton (D:8)
  4 shadow imps
  An ooze (D:3)
  An adder zombie (D:7)
  An adder skeleton (D:9)
  4 worms
  5 leopard geckos
  66 orcs
  9 ball pythons
  6 bats
  10 giant cockroaches
  5 goblins
  5 hobgoblins
  9 jackals
  3 quokkas
  8 frilled lizards
  10 kobolds
  9 rats
453 creatures vanquished.

Vanquished Creatures (others)
  2 fungi (Lair:3)
  3 plants
5 creatures vanquished.

Grand Total: 458 creatures vanquished

Notes
Turn   | Place    | Note
-------+----------+-------------------------------------------
     0 | D:1      | EWolf27 the Spriggan Enchanter began the quest for the Orb.
     0 | D:1      | Reached XP level 1. HP: 9/9 MP: 5/5
   253 | D:1      | Reached XP level 2. HP: 13/13 MP: 6/6
  1019 | D:1      | Learned a level 2 spell: Ensorcelled Hibernation
  1632 | D:2      | Noticed an ogre
  1640 | D:2      | Killed an ogre
  1640 | D:2      | Reached skill level 5 in Stealth
  1640 | D:2      | Reached XP level 3. HP: 16/16 MP: 2/8
  1640 | D:2      | Reached XP level 4. HP: 21/21 MP: 2/9
  2364 | D:2      | Learned a level 3 spell: Confuse
  2985 | D:2      | Reached XP level 5. HP: 24/24 MP: 7/10
  3101 | D:3      | Noticed Terence
  3108 | D:3      | Killed Terence
  3653 | D:3      | Reached skill level 6 in Stealth
  4753 | D:3      | Reached skill level 5 in Dodging
  5333 | D:3      | Reached skill level 5 in Hexes
  5333 | D:3      | Reached XP level 6. HP: 28/28 MP: 7/12
  6150 | D:4      | You fall through a shaft!
  6150 | D:5      | Entered Level 5 of the Dungeon
  6513 | D:4      | Reached skill level 7 in Stealth
  6547 | D:4      | Reached XP level 7. HP: 32/32 MP: 3/14
  7339 | D:5      | Found a blossoming altar of Fedhas.
  7587 | D:5      | Found a staircase to the Ecumenical Temple.
  7601 | Temple   | Entered the Ecumenical Temple
  7613 | Temple   | Became a worshipper of Kikubaaqudgha
  7677 | D:5      | Reached skill level 8 in Stealth
  7677 | D:5      | Reached skill level 5 in Spellcasting
  8450 | D:5      | Noticed a moth of wrath
  8453 | D:5      | Found a bloodstained altar of Trog.
  9065 | D:6      | Noticed Edmund
  9159 | D:6      | Reached skill level 1 in Necromancy
  9233 | D:6      | Noticed Eustachio
  9388 | D:6      | Reached skill level 1 in Fighting
  9388 | D:6      | Reached skill level 5 in Short Blades
  9388 | D:6      | Reached XP level 8. HP: 37/37 MP: 15/17
  9472 | D:6      | Found a sacrificial altar of Ru.
  9473 | D:6      | Found an opulent altar of Gozag.
  9473 | D:6      | Found a deep blue altar of Sif Muna.
  9474 | D:6      | Found a snail-covered altar of Cheibriados.
  9477 | D:6      | Found an ornate altar of the Wu Jian Council.
  9799 | D:7      | Reached * piety under Kikubaaqudgha
  9799 | D:7      | Identified Kikubaaqudgha's Handbook of Necromancy
                  | (Kikubaaqudgha gifted it to you on level 7 of the Dungeon)
  9799 | D:7      | Received a gift from Kikubaaqudgha
  9807 | D:7      | Learned a level 1 spell: Pain
 10971 | D:7      | Got an ichor-stained whip
 11026 | D:7      | Learned a level 3 spell: Regeneration
 11078 | D:7      | Reached XP level 9. HP: 41/41 MP: 20/20
 11699 | D:8      | Noticed a two-headed ogre
 11700 | D:8      | Noticed a two-headed ogre
 12044 | D:8      | Reached ** piety under Kikubaaqudgha
 12143 | D:8      | Killed a two-headed ogre
 12212 | D:9      | Found a staircase to the Orcish Mines.
 12218 | D:9      | Reached skill level 1 in Charms
 12442 | D:9      | Found an ancient bone altar of Kikubaaqudgha.
 12706 | D:8      | Reached XP level 10. HP: 40/46 MP: 22/22
 13174 | D:8      | Killed a two-headed ogre
 13174 | D:8      | Reached skill level 9 in Stealth
 14355 | D:8      | Found a staircase to the Lair.
 14887 | D:9      | Noticed a red ugly thing
 15362 | D:6      | Killed Eustachio
 15362 | D:6      | Reached skill level 10 in Short Blades
 15362 | D:6      | Reached skill level 10 in Stealth
 15412 | D:6      | Found an iron altar of Okawaru.
 15443 | D:6      | Found an opulent altar of Gozag.
 15444 | D:6      | Found a snail-covered altar of Cheibriados.
 15446 | D:6      | Found a sacrificial altar of Ru.
 15789 | D:6      | Found an iron altar of Okawaru.
 15841 | D:6      | Killed Edmund
 16218 | D:6      | Found a sacrificial altar of Ru.
 16219 | D:6      | Found an opulent altar of Gozag.
 16219 | D:6      | Found a deep blue altar of Sif Muna.
 16220 | D:6      | Found a snail-covered altar of Cheibriados.
 16223 | D:6      | Found an ornate altar of the Wu Jian Council.
 16252 | D:6      | Found an iron altar of Okawaru.
 16595 | D:9      | Reached *** piety under Kikubaaqudgha
 16595 | D:9      | Identified Kikubaaqudgha's Almanac of Dark Rites
                  | (Kikubaaqudgha gifted it to you on level 9 of the Dungeon)
 16595 | D:9      | Received a gift from Kikubaaqudgha
 16622 | D:9      | Learned a level 5 spell: Dispel Undead
 17205 | D:9      | Noticed a manticore
 17910 | D:9      | Reached skill level 5 in Necromancy
 17928 | D:9      | Reached **** piety under Kikubaaqudgha
 18458 | D:9      | Reached XP level 11. HP: 52/52 MP: 19/24
 19132 | D:10     | Entered Level 10 of the Dungeon
 19290 | D:10     | Noticed an unseen horror
 19366 | D:10     | Reached skill level 11 in Stealth
 19793 | Orc:1    | Entered Level 1 of the Orcish Mines
 19793 | Orc:1    | Noticed an orc sorcerer
 19796 | Orc:1    | Killed an orc sorcerer
 20084 | Orc:1    | Noticed an orc sorcerer
 20526 | D:9      | Found a stormy altar of Qazlal.
 20526 | D:9      | Found a radiant altar of Vehumet.
 20526 | D:9      | Found a bloodstained altar of Trog.
 20526 | D:9      | Found a glowing silver altar of Zin.
 20548 | D:9      | Killed a red ugly thing
 21162 | D:9      | Reached skill level 1 in Ice Magic
 21169 | D:9      | Learned a level 5 spell: Agony
 21294 | D:9      | Noticed Joseph
 21302 | D:9      | Killed Joseph
 21414 | D:9      | Found a white marble altar of Elyvilon.
 21414 | D:9      | Found a sparkling altar of Nemelex Xobeh.
 22733 | D:10     | Reached skill level 12 in Stealth
 23228 | D:10     | Killed an unseen horror
 23687 | D:11     | Reached ***** piety under Kikubaaqudgha
 23991 | D:11     | Reached skill level 5 in Fighting
 24108 | D:11     | Noticed a purple ugly thing
 24114 | D:11     | Killed a purple ugly thing
 24391 | D:11     | Noticed a two-headed ogre
 24398 | D:11     | Killed a two-headed ogre
 24398 | D:11     | Reached skill level 10 in Hexes
 24398 | D:11     | Reached XP level 12. HP: 59/59 MP: 25/25
 25953 | D:12     | Noticed a two-headed ogre
 25954 | D:12     | Noticed a two-headed ogre
 25955 | D:12     | Noticed a two-headed ogre
 25972 | D:12     | Killed a two-headed ogre
 25981 | D:12     | Noticed a two-headed ogre
 25982 | D:12     | Noticed a two-headed ogre
 25985 | D:12     | Noticed an ogre mage
 25986 | D:12     | Killed a two-headed ogre
 25986 | D:12     | Noticed a two-headed ogre
 26312 | D:12     | Killed a two-headed ogre
 26315 | D:12     | Killed a two-headed ogre
 26332 | D:12     | Killed an ogre mage
 26512 | D:12     | Killed a two-headed ogre
 26720 | D:12     | Killed a two-headed ogre
 26720 | D:12     | Reached skill level 10 in Spellcasting
 26992 | D:13     | Noticed a vault guard
 26992 | D:13     | Noticed a vault guard
 26993 | D:13     | Noticed a vault guard
 27017 | D:13     | Found Zitumoich's Antique Weapon Boutique.
 27307 | Lair:1   | Entered Level 1 of the Lair of Beasts
 28065 | Lair:1   | Noticed a five-headed hydra
 28072 | Lair:1   | Killed a five-headed hydra
 28224 | Lair:1   | Found a snail-covered altar of Cheibriados.
 28234 | Lair:1   | Reached XP level 13. HP: 65/65 MP: 25/28
 28652 | Lair:1   | Reached skill level 13 in Stealth
 29291 | Lair:1   | Reached ****** piety under Kikubaaqudgha
 29331 | Lair:1   | Identified a +9 dagger of pain (a +8 dagger bloodied by
                  | Kikubaaqudgha)
 29331 | Lair:1   | Received a gift from Kikubaaqudgha
 29553 | Lair:2   | Found a staircase to the Snake Pit.
 29616 | Lair:2   | Found a large runed translucent door.
 29616 | Lair:2   | Found a large runed translucent door.
 29619 | Lair:2   | Noticed Sassenached's ghost (journeyman DsWn)
 30822 | Lair:3   | Noticed Snorg
 30841 | Lair:3   | Noticed Fannar
 30845 | Lair:3   | Killed Snorg
 30894 | Lair:2   | Killed Fannar
 30894 | Lair:2   | Reached skill level 14 in Stealth
 31978 | Lair:3   | Mangled by a seven-headed hydra

Skill      XL: |  1  2  3  4  5  6  7  8  9 10 11 12 13 |
---------------+----------------------------------------+-----
Hexes          | 4 5 6 7 8 10 11 | 11.0
Short Blades   | 2 3 4 5 6 8 10 | 10.3
Dodging        | 4 5 6 8 9 |  9.0
Stealth        | 5 6 7 8 10 12 14 | 14.3
Spellcasting   | 3 4 5 6 7 8 10 11 | 11.4
Necromancy     | 1 3 4 5 6 8 9 |  9.2
Fighting       | 1 2 3 5 6 7 |  7.6
Charms         | 2 4 |  4.0
Ice Magic      | 2 |  2.0

Action                   |  1- 3 |  4- 6 |  7- 9 | 10-12 | 13-15 || total
-------------------------+-------+-------+-------+-------+-------++-------
Melee: Dagger            |    70 |   288 |   250 |   534 |   121 ||  1263
Throw: Stone             |       |     3 |     1 |    22 |    11 ||    37
 Cast: Ensorcelled Hiber |     3 |    70 |    62 |   273 |    89 ||   497
       Corona            |     1 |     1 |     1 |       |       ||     3
       Confuse           |       |     3 |    25 |    62 |    12 ||   102
       Pain              |       |       |     1 |    13 |    13 ||    27
       Agony             |       |       |       |    10 |     1 ||    11
       Dispel Undead     |       |       |       |     1 |       ||     1
Invok: Brand Weapon With |       |       |       |       |     1 ||     1
  Use: Scroll            |       |     4 |     9 |     6 |       ||    19
       Potion            |       |       |       |     3 |     3 ||     6
 Stab: Sleeping          |    13 |    39 |    42 |   147 |    47 ||   288
       Confused          |       |       |    10 |    28 |     6 ||    44
       Distracted        |       |       |     1 |     4 |     1 ||     6
  Eat: Ration            |       |     4 |     3 |    10 |     2 ||    19
Armor: Robe              |     5 |    14 |     9 |    10 |     2 ||    40
Dodge: Dodged            |    37 |   231 |   232 |   460 |   180 ||  1140
